 Dungeon Crawl Stone Soup version 0.31-a0-920-g28cbb04a8c (webtiles) character file.

Game seed: 1844169171160878419

98 GloriousHammer the Chiller (level 4, 0/29 (34) HPs)
             Began as a Gnoll Wanderer on Oct 17, 2023.
             Slain by a gnoll
             ... wielding a +0 spear
              (2 damage)
             ... on level 2 of the Dungeon.
             The game lasted 00:07:05 (1412 turns).

GloriousHammer the Chiller (Gnoll Wanderer)         Turns: 1412, Time: 00:07:06

HP:   0/29 (34)     AC: 12    Str: 11 (12) XL:     4   Next: 71%
MP:   8/8           EV:  6    Int: 10 (13) God:
Gold: 67            SH:  0    Dex:  9 (11) Spells: 8/9 levels left

rFire   . .          .
                       - Unarmed
rCold   . . .        (no shield)
rNeg    . . .        m - +0 chain mail
rPois   .            (no helmet)
rElec   .            (no cloak)
rCorr   .            b - +0 pair of gloves
SInv    .            (no boots)
Will    .....        (no amulet) Stlth
                     (no ring)
HPRegen 0.24/turn    (no ring)
MPRegen 0.11/turn

%: random rage (3%)
@: heavily drained
A: fangs 1, strong nose, distributed training, talons 1, iridescent scales 1,
berserk 1
a: no special abilities


You were on level 2 of the Dungeon.
You visited 1 branch of the dungeon, and saw 3 of its levels.

You collected 67 gold pieces.

Inventory:

Hand Weapons
 a - a +0 club
 e - a +0 short sword
Missiles
 f - a poisoned dart (quivered)
Armour
 b - a +0 pair of gloves (worn)
 c - a +0 leather armour
 m - a +0 chain mail (worn)
Scrolls
 g - a scroll of immolation {unknown}
 l - a scroll of identify {unknown}
 o - a scroll of revelation {unknown}
Potions
 d - 2 potions of attraction
 h - a potion of cancellation {unknown}
 i - a potion of degeneration
 j - 2 potions of mutation
 k - a potion of heal wounds {unknown}
 n - a potion of ambrosia {unknown}


   Skills:
 + Level 2.8 Fighting
 + Level 1.2 Short Blades
 + Level 1.2 Long Blades
 + Level 1.2 Axes
 + Level 1.2 Maces & Flails
 + Level 1.2 Polearms
 + Level 1.2 Staves
 + Level 1.2 Ranged Weapons
 + Level 1.2 Throwing
 + Level 2.8 Armour
 + Level 1.2 Dodging
 + Level 4.3 Stealth
 + Level 1.2 Shields
 + Level 4.7 Unarmed Combat
 + Level 3.0 Spellcasting
 + Level 1.0 Conjurations
 + Level 1.0 Hexes
 + Level 1.0 Summonings
 + Level 1.0 Necromancy
 + Level 1.0 Translocations
 + Level 1.0 Transmutations
 + Level 1.0 Fire Magic
 + Level 5.5 Ice Magic
 + Level 1.0 Air Magic
 + Level 1.0 Earth Magic
 + Level 1.0 Poison Magic
 + Level 1.3 Invocations
 + Level 1.2 Evocations
 + Level 1.1 Shapeshifting


You had 8 spell levels left.
You knew the following spells:

 Your Spells              Type           Power      Damage    Failure   Level
a - Freeze                Ice            48%        1d6       65%         1

Your spell library contained the following spells:

 Spells                   Type           Power      Damage    Failure   Level
 Ozocubu's Armour         Ice            12%        N/A       95%         3
 Ensorcelled Hibernation  Hex/Ice        16%        N/A       97%         2
 Magic Dart               Conj           12%        1d3       99%         1
 Searing Ray              Conj           6%         2d4       100%        2
 Anguish                  Hex/Necr       1%         N/A       100%        4
 Cause Fear               Hex            1%         N/A       100%        4
 Fulminant Prism          Conj/Hex       1%         3d5       100%        4
 Enfeeble                 Hex            1%         N/A       100%        7


Dungeon Overview and Level Annotations

Branches:
Dungeon (3/15)

Altars:

Shops:
D:1 ?[[:*

Annotations:
D:2 exclusion: downstairs
D:3 Grinder


Innate Abilities, Weirdness & Mutations

You have very sharp teeth.
Your uncanny sense of smell can sniff out nearby items.
Your experience applies equally to all skills.
You have sharp toenails.
You are partially covered in iridescent scales. (AC +2)
You sometimes lose your temper in combat.


Message History

You barely miss the orc. The orc hits you with a +0 short sword.
You hit the orc but do no damage.
A gnoll comes into view. It is wielding a +0 spear.
The orc closely misses you.
The gnoll shouts!
You hit the orc but do no damage. Your bite misses the orc.
You hit the orc but do no damage. The orc hits you but does no damage.
You hit the orc but do no damage. The orc hits you but does no damage.
You hit the orc but do no damage. The orc barely misses you.
You hit the orc but do no damage. The orc hits you with a +0 short sword.
You barely miss the orc. You punch the orc.
The orc is lightly wounded.
The orc hits you but does no damage.
You barely miss the orc.
The orc is lightly wounded.
A gnoll comes into view. It is wielding a +2 whip of draining.
The gnoll hits you but does no damage. The orc hits you but does no damage.
You hit the orc but do no damage.
The orc is lightly wounded.
A gnoll comes into view. It is wielding a +0 club.
The gnoll hits you from afar with a +0 spear.
The orc barely misses you.
You completely miss the orc. You bite the orc, but do no damage.
The orc is lightly wounded.
The gnoll hits you but does no damage.
A gnoll comes into view. It is wielding a +0 halberd.
The orc hits you but does no damage.
The gnoll shouts!
The orc attacks as it pursues you! The orc hits you with a +0 short sword.
The orc attacks as it pursues you! The orc hits you with a +0 short sword.
The orc attacks as it pursues you! The orc hits you but does no damage.
You see here a ball python corpse.
The gnoll attacks as it pursues you! The gnoll hits you but does no damage.
Items here: ( ) ††.
You completely miss the orc. The orc hits you but does no damage.
You hit the orc.
The orc is lightly wounded.
The gnoll barely misses you.
You hit the orc.
The orc is moderately wounded.
The orc hits you but does no damage.
The gnoll hits you from afar with a +0 spear.
You hit the orc.
The orc is almost dead.
The orc hits you but does no damage. The gnoll barely misses you.
You hit the orc.
You kill the orc!
The gnoll hits you but does no damage. The gnoll attacks as it pursues you!
The gnoll barely misses you. The gnoll attacks as it pursues you!
The gnoll hits you but does no damage.
You see here 3 stones.
The gnoll attacks as it pursues you!
The gnoll hits you from afar with a +0 spear.
The gnoll attacks as it pursues you! The gnoll hits you but does no damage.
The gnoll attacks as it pursues you! The gnoll hits you but does no damage.
The gnoll attacks as it pursues you!
The gnoll hits you from afar with a +0 spear.
The gnoll attacks as it pursues you!
The gnoll hits you from afar with a +0 spear.
There is a stone staircase leading up, spattered with blood here.
The gnoll attacks as it pursues you!
The gnoll hits you from afar with a +0 spear!
* * * LOW HITPOINT WARNING * * *
The gnoll hits you but does no damage.
There is a stone staircase leading up, spattered with blood here.
The gnoll hits you with a +2 whip of draining.
* * * LOW HITPOINT WARNING * * *
You feel drained.
* * * LOW HITPOINT WARNING * * *
You climb upwards.
Level annotation: exclusion: downstairs
There is a stone staircase leading down here.
Okay, then.
It was a potion of mutation.
You feel extremely strange.
Your toenails lengthen and sharpen.
You feel a little pissed off.
Iridescent scales grow over part of your body.
The gnoll hits you with a +0 spear.
* * * LOW HITPOINT WARNING * * *
The gnoll hits you but does no damage.
You feel drained.
It was a potion of degeneration.
There was something very wrong with that liquid.
You feel weakened.
You feel dopey.
You feel clumsy. The gnoll hits you but does no damage.
The gnoll closely misses you.
Okay, then.
Throw: 2 darts (poison)
Press: ? - help, Q - select action, (/) - cycle Shift-Dir - straight line, f - gnoll
Aim: a gnoll, wielding a +2 whip of draining (54% to hit)
You throw a poisoned dart.
The poisoned dart closely misses the gnoll.
The gnoll hits you but does no damage. x2; You feel drained.
The gnoll hits you from afar with a +0 spear.
* * * LOW HITPOINT WARNING * * *
The gnoll hits you but does no damage.
You feel drained.
The gnoll hits you from afar with a +0 spear.
* * * LOW HITPOINT WARNING * * *
The gnoll hits you with a +2 whip of draining.
* * * LOW HITPOINT WARNING * * *
You feel drained.
The gnoll hits you from afar with a +0 spear.
You die...

####### †.....# ..(.>.# ......#
##### ......# #)>)# ......#####
#gg.# ......#...# #...# ########
......#...# #..@###......##
......#...# ##...##........##
......#...# #....#........<.#####
†.........###....#..........##..)
###...#...##...(.#..........##.##
# ###.....##.#...#..........#....
# ###......#...#.............##
##...#####.##........##..#
##......##.##........##.##


You could see 2 gnolls.

Vanquished Creatures
  An orc wizard (D:2)
  2 adders (D:2)
  A worm (D:2)
  2 dart slugs (D:1)
  5 orcs
  2 endoplasms
  2 giant cockroaches
  3 goblins
  2 hobgoblins
  3 jackals (D:1)
  7 ball pythons
  5 bats
  2 frilled lizards
  4 kobolds
  2 rats
43 creatures vanquished.

Notes
Turn   | Place    | Note
-------+----------+-------------------------------------------
     0 | D:1      | GloriousHammer the Gnoll Wanderer began the quest for the
                  | Orb.
     0 | D:1      | GloriousHammer set off with the following items: a +0 club,
                  | a +0 pair of gloves, a +0 leather armour, 2 potions of
                  | attraction; and the following spell memorised: Freeze; and
                  | the following spells available to memorise: Ozocubu's
                  | Armour, Ensorcelled Hibernation.
     0 | D:1      | Reached XP level 1. HP: 17/17 MP: 4/4
    74 | D:1      | Found Gucukh's Armour Boutique.
    92 | D:1      | Found Plog's Magic Scroll Shoppe.
   218 | D:1      | Found Houkishrumm's General Store.
   220 | D:1      | Found Ajacliac's Book Shop.
   241 | D:1      | Reached XP level 2. HP: 19/23 MP: 1/5
   319 | D:1      | Found Semoeraf's Antique Armour Boutique.
   548 | D:2      | Reached XP level 3. HP: 28/28 MP: 7/7
   599 | D:2      | Found a faded altar of an unknown god.
   671 | D:2      | Reached skill level 1 in Invocations
   805 | D:2      | Reached skill level 1 in Short Blades
   805 | D:2      | Reached skill level 1 in Long Blades
   805 | D:2      | Reached skill level 1 in Axes
   805 | D:2      | Reached skill level 1 in Maces & Flails
   805 | D:2      | Reached skill level 1 in Polearms
   805 | D:2      | Reached skill level 1 in Staves
   805 | D:2      | Reached skill level 1 in Ranged Weapons
   805 | D:2      | Reached skill level 1 in Throwing
   805 | D:2      | Reached skill level 1 in Dodging
   805 | D:2      | Reached skill level 1 in Shields
   805 | D:2      | Reached skill level 1 in Evocations
  1005 | D:3      | Noticed Grinder
  1039 | D:2      | Reached XP level 4. HP: 28/34 MP: 8/8
  1048 | D:2      | Reached skill level 1 in Conjurations
  1048 | D:2      | Reached skill level 1 in Hexes
  1048 | D:2      | Reached skill level 1 in Summonings
  1048 | D:2      | Reached skill level 1 in Necromancy
  1048 | D:2      | Reached skill level 1 in Translocations
  1048 | D:2      | Reached skill level 1 in Transmutations
  1048 | D:2      | Reached skill level 1 in Fire Magic
  1048 | D:2      | Reached skill level 1 in Air Magic
  1048 | D:2      | Reached skill level 1 in Earth Magic
  1048 | D:2      | Reached skill level 1 in Poison Magic
  1048 | D:2      | Reached skill level 1 in Shapeshifting
  1407 | D:2      | Gained mutation: You have sharp toenails. [potion of
                  | mutation]
  1407 | D:2      | Gained mutation: You sometimes lose your temper in combat.
                  | [potion of mutation]
  1407 | D:2      | Gained mutation: You are partially covered in iridescent
                  | scales. (AC +2) [potion of mutation]
  1412 | D:2      | Slain by a gnoll

Illustrated notes

Levels and vault maps discovered:
D:1:      wheals_arrival_shading, layout_rooms, serial_shops,
          nicolae_shop_gibbet_a_chance, nicolae_shop_tiny_waterfront,
          nicolae_shop_pleasant_corner_grove, shop, nicolae_shop_tiny_waterfront
D:2:      layout_rooms, ebering_ecumenical_altar_rust
D:3:      layout_rooms, serial_aquarium, aquarium_bridge_straight
          [aquarium_subvault_bridge, aquarium_subvault_window,
          aquarium_subvault_bridge, aquarium_subvault_balcony],
          aquarium_window_fake, aquarium_window_corridor_1,
          aquarium_window_fake, aquarium_window_corner, aquarium_view_2d,
          aquarium_pool_split, uniq_terence, uniq_grinder, uniq_sigmund

Skill      XL: |  1  2  3  4 |
---------------+-------------+-----
Invocations    | 1 |  1.3
Short Blades   | 1 |  1.2
Long Blades    | 1 |  1.2
Axes           | 1 |  1.2
Maces & Flails | 1 |  1.2
Polearms       | 1 |  1.2
Staves         | 1 |  1.2
Ranged Weapons | 1 |  1.2
Throwing       | 1 |  1.2
Dodging        | 1 |  1.2
Shields        | 1 |  1.2
Evocations     | 1 |  1.2
Spellcasting   | 3 |  3.0
Conjurations   | 1 |  1.0
Hexes          | 1 |  1.0
Summonings     | 1 |  1.0
Necromancy     | 1 |  1.0
Translocations | 1 |  1.0
Transmutations | 1 |  1.0
Fire Magic     | 1 |  1.0
Air Magic      | 1 |  1.0
Earth Magic    | 1 |  1.0
Poison Magic   | 1 |  1.0
Shapeshifting  | 1 |  1.1
Fighting       | |  2.8
Armour         | |  2.8
Stealth        | |  4.3
Unarmed Combat | |  4.7
Ice Magic      | |  5.5

Action                     |  1- 3 |  4- 6 || total
---------------------------+-------+-------++-------
  Melee: Unarmed           |    87 |    47 ||   134
         Bite              |     9 |     3 ||    12
         Punch             |     1 |     1 ||     2
  Throw: Dart              |       |     1 ||     1
   Cast: Freeze            |     3 |       ||     3
    Use: Potion            |       |     2 ||     2
   Stab: Sleeping          |     3 |       ||     3
 Armour: Leather armour    |    62 |       ||    62
         Chain mail        |    11 |    69 ||    80
  Dodge: Dodged            |    60 |    13 ||    73

Table legend: (Time is in decaauts)
 A = Elapsed time spent in this place.
 B = Non-inter-level travel time spent in this place.
 C = Inter-level travel time spent in this place.
 D = Time resting spent in this place.
 E = Time spent auto-exploring this place.
 F = Levels seen in this place.
 G = Mean time per level.
                   A        B        C        D        E       F      G
               +--------+--------+--------+--------+--------+-----+--------+
         Total |   1403 |   1336 |     67 |    140 |    727 |   3 |  467.7 |
       Dungeon |   1403 |   1336 |     67 |    140 |    727 |   3 |  467.7 |
               +--------+--------+--------+--------+--------+-----+--------+

Top non-repeatable levels by time:
     D:2: 722 daAuts
     D:1: 471 daAuts
     D:3: 208 daAuts
